 Dungeon Crawl Stone Soup version 0.28-b1-25-g9875b3fc8c (webtiles) character file.

Game seed: 17755977725532953506

1442 mopl the Stinger (level 8, -3/61 HPs)
             Began as a Gargoyle Venom Mage on Feb 7, 2022.
             Was an Initiate of Elyvilon.
             Slain by a hornet zombie (4 damage)
             ... on level 6 of the Dungeon.
             The game lasted 00:09:40 (6196 turns).

mopl the Stinger (Gargoyle Venom Mage)              Turns: 6196, Time: 00:09:41

Health: -3/61      AC: 12    Str: 11    XL:     8   Next: 74%
Magic:  14/16      EV:  2    Int: 19    God:    Elyvilon [......]
Gold:   183        SH:  0    Dex: 10    Spells: 8/18 levels left

rFire   . . .      SeeInvis .   (no weapon)
rCold   . . .      Faith    .   (no shield)
rNeg    + . .      Spirit   .   (armour currently unavailable)
rPois   ∞          Reflect  .   (helmet currently unavailable)
rElec   .          Harm     .   (cloak currently unavailable)
rCorr   .          Rampage  .   (gloves currently unavailable)
Will    .....      NoTele   +   (boots currently unavailable)
Stlth   ++........              (no amulet)
HPRegen 0.20/turn               j - ring of wizardry
MPRegen 0.15/turn               (no ring)

@: tree-form, corroded
A: stationary, stasis, torment immunity, boosted hp, sickness immunity, AC +5,
negative energy resistance 1, (electricity resistance), torment resistance 1,
petrification resistance
a: Renounce Religion


You were on level 6 of the Dungeon.
You worshipped Elyvilon.
Elyvilon was noncommittal.
You were a tree.
You visited 2 branches of the dungeon, and saw 7 of its levels.

You collected 183 gold pieces.

Inventory:

Hand Weapons
 b - a +2 dagger of speed
Missiles
 f - a curare-tipped dart
 g - 2 javelins
 t - a throwing net
 y - 10 poisoned darts
Armour
 n - a +2 robe of willpower (melded)
 w - a +0 pair of boots (melded)
Jewellery
 a - a ring of protection from fire
 j - a ring of wizardry (left branch)
 p - a ring of ice
Wands
 u - a wand of iceblast (6)
Scrolls
 d - a scroll of vulnerability {unknown}
 h - a scroll of amnesia {unknown}
 i - a scroll of enchant weapon {unknown}
 k - 5 scrolls of noise {unknown}
 q - a scroll of teleportation {unknown}
Potions
 c - a potion of haste
 e - 2 potions of heal wounds
 l - 2 potions of might
 m - a potion of lignification {!q}
 o - 2 potions of mutation {unknown}
 r - 5 potions of curing {unknown}
 s - 2 potions of attraction {unknown}
 v - a potion of flight {unknown}
 x - a potion of cancellation {unknown}


   Skills:
 - Level 1.5 Dodging
 - Level 2.1 Stealth
 + Level 5.5 Spellcasting
 + Level 4.6 Transmutations
 - Level 3.0 Air Magic
 + Level 6.3 Poison Magic


You had 8 spell levels left.
You knew the following spells:

 Your Spells              Type           Power      Damage    Failure   Level
a - Sting                 Tmut/Pois      100%       1d8       1%          1
b - Poisonous Vapours     Pois/Air       44%        N/A       1%          2
d - Mephitic Cloud        Conj/Pois/Air  17%        N/A       4%          3
o - Olgreb's Toxic Radia  Pois           29%        N/A       3%          4

Your spell library contained the following spells:

 Spells                   Type           Power      Damage    Failure   Level


Dungeon Overview and Level Annotations

Branches:
Dungeon (6/15)             Temple (1/1) D:5

Altars:
Ashenzari
Dithmenos
Elyvilon
Fedhas
Gozag
Hepliaklqana
Kikubaaqudgha
Makhleb
Okawaru
Qazlal
Ru
Sif Muna
Trog
Uskayaw
Wu Jian
Xom
Zin
The Shining One


Innate Abilities, Weirdness & Mutations

You are a tree.
Your roots penetrate the ground, keeping you stationary.
You cannot be teleported.
You are immune to unholy pain and torment.
Your maximum health is greatly increased.
Your equipment is partially melded.
You are immune to sickness and miasma.
((Your stone body is resilient. (AC +5)))
You are immune to poison.
You resist negative energy. (rN+)
((You are resistant to electric shocks. (rElec)))
You are resistant to unholy torment.
You are immune to petrification.


Message History

The jelly closely misses you.
Okay, then.
You hit the jelly. The acid corrodes you!
Your hands burn!
The jelly is moderately wounded.
The hornet zombie hits you.
* * * LOW HITPOINT WARNING * * *
Really quaff
m - 2 potions of lignification {!q}?
Really quaff the potion of lignification?
You turn into a tree.
Your +0 pair of boots melds into your body.
Your +2 robe of willpower melds into your body.
You feel less strong-willed.
Your roots penetrate the ground.
The jelly hits you but does no damage. The hornet zombie hits you.
* * * LOW HITPOINT WARNING * * *
Unknown command.
Unknown command.
You are now empty-handed.
The jelly hits you but does no damage.
You hit the jelly but do no damage.
Your branches burn!
* * * LOW HITPOINT WARNING * * *
The jelly is moderately wounded.
The hornet zombie hits you but does no damage.
The jelly hits you but does no damage. The hornet zombie hits you.
* * * LOW HITPOINT WARNING * * *
You hit the jelly. The acid corrodes you!
Your branches burn!
* * * LOW HITPOINT WARNING * * *
The jelly is severely wounded.
The hornet zombie hits you but does no damage.
The jelly hits you but does no damage.
Unknown command.
You hit the jelly but do no damage. The acid corrodes you!
Your branches burn!
* * * LOW HITPOINT WARNING * * *
The jelly is severely wounded.
The hornet zombie hits you but does no damage.
The jelly hits you but does no damage.
Unknown command.
You hit the jelly.
Your branches burn!
* * * LOW HITPOINT WARNING * * *
The jelly is severely wounded.
The hornet zombie hits you.
You die...

#.......# ######.......###
#..............##
#.####.......#..######## ###
#.# #.......#..Z......#....
#.# #.......##...K.........
#.# #)....).###............
#.# ######Z## #............
#.# #♣# #...........) #.#
#J# #......)$)... #.# #.##
#..........). #.# #..
#........)..) #.#
#..#.).............
#.########..#...#.......$...
#.......##..###...####.>....
#................
#.......#..#.####.


You could see a jelly and a hornet zombie.

Vanquished Creatures
  2 sky beasts
  A necrophage (D:4)
  2 ogres
  2 kobold brigands
  2 water moccasin zombies
  2 water moccasin skeletons
  A howler monkey (D:4)
  A bullfrog zombie (D:4)
  An orc priest (D:3)
  A bullfrog skeleton (D:6)
  A hound (D:5)
  2 centaur skeletons
  Jessica (D:2)
  4 iguanas
  2 hound zombies (D:4)
  8 adders
  3 gnolls (D:4)
  A shadow imp (D:5)
  An ufetubus (D:4)
  3 adder zombies (D:4)
  2 adder skeletons (D:4)
  6 worms
  4 dart slugs
  15 orcs
  9 bats
  9 endoplasms
  3 giant cockroaches
  6 goblins
  8 hobgoblins
  4 quokkas
  11 ball pythons
  5 frilled lizards
  14 kobolds
  A quokka zombie (D:4)
  5 rats
143 creatures vanquished.

Vanquished Creatures (others)
  2 withered plants (D:4)
2 creatures vanquished.

Grand Total: 145 creatures vanquished

Notes
Turn   | Place    | Note
-------+----------+-------------------------------------------
     0 | D:1      | mopl the Gargoyle Venom Mage began the quest for the Orb.
     0 | D:1      | Reached XP level 1. HP: 10/10 MP: 3/3
    65 | D:1      | Reached skill level 1 in Transmutations
   290 | D:1      | Reached XP level 2. HP: 13/15 MP: 5/5
   293 | D:1      | Learned a level 2 spell: Poisonous Vapours
   848 | D:1      | Reached XP level 3. HP: 19/19 MP: 3/6
   865 | D:1      | Learned a level 3 spell: Mephitic Cloud
  1388 | D:2      | Reached skill level 1 in Air Magic
  1388 | D:2      | Reached XP level 4. HP: 23/24 MP: 7/7
  1497 | D:2      | Noticed Jessica
  1503 | D:2      | Killed Jessica
  1647 | D:2      | Reached skill level 2 in Transmutations
  1653 | D:2      | Reached XP level 5. HP: 23/28 MP: 7/9
  1892 | D:2      | Reached skill level 3 in Spellcasting
  2284 | D:3      | Reached skill level 4 in Poison Magic
  2336 | D:3      | Found a burning altar of Makhleb.
  2694 | D:3      | Learned a level 4 spell: Olgreb's Toxic Radiance
  3167 | D:3      | Reached XP level 6. HP: 30/32 MP: 10/10
  3200 | D:4      | Reached skill level 2 in Air Magic
  3264 | D:4      | Noticed a necrophage
  3289 | D:4      | Killed a necrophage
  3486 | D:4      | Reached XP level 7. HP: 24/36 MP: 4/12
  3602 | D:4      | Reached skill level 3 in Transmutations
  3642 | D:4      | Reached skill level 4 in Spellcasting
  3817 | D:4      | Found a glowing silver altar of Zin.
  4210 | D:4      | Reached skill level 5 in Poison Magic
  4271 | D:4      | Reached skill level 3 in Air Magic
  4658 | D:5      | Entered Level 5 of the Dungeon
  4741 | D:5      | Found a staircase to the Ecumenical Temple.
  4746 | Temple   | Entered the Ecumenical Temple
  4924 | Temple   | Became a worshipper of Elyvilon the Healer
  4969 | D:5      | Reached XP level 8. HP: 35/41 MP: 7/14
  5012 | D:5      | Identified the +1 ring mail "Sixy" {rC+}
  5555 | D:5      | Reached skill level 4 in Transmutations
  5816 | D:5      | Reached skill level 5 in Spellcasting
  6025 | D:6      | Reached skill level 6 in Poison Magic
  6195 | D:6      | HP: 2/61 [acid (5)]
  6196 | D:6      | Slain by a hornet zombie

Illustrated notes

Levels and vault maps discovered:
D:1:      evilmike_arrival_hilbert_curve, layout_basic, minivault_26,
          minmay_misc_feat_more_columns, st_stairs_5,
          hangedman_abyss_or_decor_lesser_grid
D:2:      layout_rooms, kennysheep_nub, kennysheep_generic_room_6, uniq_jessica
D:3:      layout_loops_ring, bloody_makhleb, st_stairs_12
D:4:      minmay_diamond_boxcup, layout_basic, mainiacjoe_overflow_24_doors,
          serial_undead, serial_undead_e, serial_undead_e, serial_undead_d,
          serial_undead_b, serial_undead_c
D:5:      layout_basic, minmay_temple_entry_glassed_door,
          kennysheep_generic_room_9
D:6:      layout_rooms
Temple:   regret_index_temple_sphere_string

Skill      XL: |  1  2  3  4  5  6  7  8 |
---------------+-------------------------+-----
Transmutations | 1 2 3 4 |  4.6
Air Magic      | 1 2 3 |  3.0
Spellcasting   | 3 4 5 |  5.5
Poison Magic   | 4 5 6 |  6.3
Dodging        | |  1.5
Stealth        | |  2.1

Action                   |  1- 3 |  4- 6 |  7- 9 || total
-------------------------+-------+-------+-------++-------
Melee: Unarmed           |    16 |       |     4 ||    20
       Short sword       |    37 |       |       ||    37
       Dagger            |    43 |   246 |   307 ||   596
       Punch             |       |     2 |     1 ||     3
 Cast: Sting             |     5 |     8 |     7 ||    20
       Poisonous Vapours |    17 |    30 |    15 ||    62
       Olgreb's Toxic Ra |       |     1 |    11 ||    12
  Use: Scroll            |       |     4 |     1 ||     5
       Potion            |       |       |     1 ||     1
 Stab: Sleeping          |     4 |     9 |     1 ||    14
Armor: Robe              |    40 |    76 |   136 ||   252
       Skin              |       |       |     8 ||     8
Dodge: Dodged            |    53 |   116 |   140 ||   309
